[Event "Titled Tuesday Blitz March 28 Late 2023"]
[White "Volkov, Maksim"]
[Black "olga-belka"]
[WhiteFideId "54123070"]
[WhiteElo "2312"]
[BlackElo "2275"]
[Result "1/2-1/2"]
[Round "01"]
[TimeControl "180+2"]
[Date "2023.03.28"]
[WhiteClock "0:00:37"]
[BlackClock "0:00:03"]

1. e4 c5 2. Nf3 d6 3. d4 cxd4 4. Nxd4 Nf6 5. Nc3 a6 6. Be2 e5 7. Nb3 Be7 8. O-O O-O 9. Be3 Be6 10. Qd3 Nbd7 11. Nd5 Bxd5 12. exd5 b5 13. a4 Nb6 14. axb5 axb5 15. Bxb6 Qxb6 16. Qxb5 Qxb5 17. Bxb5 Rxa1 18. Rxa1 Nxd5 19. Ra7 Bg5 20. Na5 Bc1 21. b3 Nc3 22. Bc6 d5 23. Rd7 d4 24. Nc4 f6 25. b4 Rb8 26. Bb7 h5 27. Nd6 Ba3 28. Nc8 Bxb4 29. Na7 Bc5 30. Nc6 Rf8 31. g3 Rf7 32. Rd8+ Kh7 33. Ba6 Rc7 34. Nb8 Ra7 35. f3 d3+ 36. Kg2 Rxa6 37. Rxd3 Ra3 38. Nd7 Bd4 39. Nf8+ Kg8 40. Ne6 Ra2 41. Nxd4 exd4 42. Rxd4 Rxc2+ 43. Kh3 Kh7 44. Rc4 Rc1 45. Kh4 Kh6 46. g4 hxg4 47. fxg4 g5+ 48. Kh3 Ne2 49. Re4 Nf4+ 50. Kg3 Rc3+ 51. Kf2 Rc2+ 52. Kg3 Rg2+ 53. Kf3 Rxh2 54. Kg3 Rg2+ 55. Kf3 Rd2 56. Ra4 Kg6 57. Ra6 Rd3+ 58. Kf2 Rh3 59. Ra5 Rh4 60. Kf3 Ne6 61. Kg3 Rh1 62. Ra6 Nd4 63. Ra4 Ne6 64. Ra6 Nf4 65. Ra5 Rg1+ 66. Kf3 Rf1+ 67. Kg3 Ne6 68. Ra6 Nd4 69. Ra5 Rd1 70. Kf2 Rd3 71. Rd5 Rd2+ 72. Kf1 Nb3 73. Rb5 Rd3 74. Kf2 Nd4 75. Rd5 Rd2+ 76. Kf1 Rd3 77. Kf2 1/2-1/2


[Site "https://www.chess.com"]

[Event "Titled Tuesday Blitz March 28 Late 2023"]
[White "Muhammad, Shahzeb"]
[Black "Goroshkov, Maksym"]
[WhiteFideId "7804806"]
[BlackFideId "14142716"]
[WhiteElo "2268"]
[BlackElo "2322"]
[Result "0-1"]
[Round "01"]
[TimeControl "180+2"]
[Date "2023.03.28"]
[WhiteClock "0:00:01"]
[BlackClock "0:01:04"]

1. d4 d5 2. Nf3 c6 3. g3 Bf5 4. Bg2 Nf6 5. O-O Qc8 6. Re1 Bh3 7. Bh1 g6 8. c4 Bg7 9. Nc3 O-O 10. cxd5 cxd5 11. Ng5 h6 12. Nxh3 Qxh3 13. Nxd5 Ng4 14. Bg2 Qxh2+ 15. Kf1 Nc6 16. e3 Nf6 17. Nxf6+ Bxf6 18. Qb3 Rab8 19. Bd2 Rfd8 20. Rac1 e5 21. d5 Ne7 22. Bb4 Nf5 23. Rc7 Nd6 24. a4 e4 25. Qa3 Nf5 26. d6 Be5 27. Qb3 Rf8 28. Qd5 Bxg3 29. fxg3 Nxg3+ 30. Kf2 Qh4 31. Kg1 Nf5 32. Qd2 Qg5 33. Qf2 Nh4 34. Bc3 Nf3+ 35. Kf1 Nxe1 36. Qxe1 b5 37. a5 b4 38. Bd4 Rb5 39. Qf2 Rf5 40. Bxe4 Rxf2+ 41. Kxf2 Qxa5 42. Kf3 Qh5+ 0-1


[Site "https://www.chess.com"]

[Event "Titled Tuesday Blitz March 28 Late 2023"]
[White "Krstulovic, Alex"]
[Black "Dubreuil, Julien"]
[WhiteFideId "760056"]
[BlackFideId "621285"]
[WhiteElo "2311"]
[BlackElo "2266"]
[Result "1-0"]
[Round "01"]
[TimeControl "180+2"]
[Date "2023.03.28"]
[WhiteClock "0:00:17"]
[BlackClock "0:00:34"]

1. e4 e5 2. d4 exd4 3. Qxd4 Nc6 4. Qe3 Nf6 5. Nc3 Be7 6. Bd2 O-O 7. O-O-O d5 8. exd5 Nb4 9. Bc4 Bf5 10. Bb3 a5 11. Qg3 a4 12. Nxa4 Nxa2+ 13. Kb1 b5 14. Bxa2 Rxa4 15. Bb3 Ne4 16. Qf3 Bg4 17. Qd3 Bxd1 18. Bxa4 Nxf2 19. Qf1 Bc5 20. Bb3 Bh5 21. Qxb5 Bb6 22. Bb4 Re8 23. d6 Bg6 24. Ba4 Nxh1 25. Qxe8+ Qxe8 26. Bxe8 cxd6 27. Nf3 Be4 28. Bxd6 Nf2 29. Bb5 Bd8 30. Bg3 Nd1 31. Be2 Ne3 32. Ne1 Nxg2 33. Nxg2 Bxg2 34. c4 Bc6 35. b4 Kf8 36. b5 Be4+ 37. Kb2 Bb6 38. Bd6+ Ke8 39. c5 Kd7 40. Bf8 Bd8 41. c6+ Kc7 42. Bc5 Bf6+ 43. Kb3 Bxc6 44. bxc6 Kxc6 45. Be3 Be5 46. Bf3+ Kd6 47. h3 Ke6 48. Kc2 Kf6 49. Kd2 Bf4 50. Bxf4 g5 51. Be3 g4 52. Bd4+ Kf5 53. Bxg4+ Kf4 54. Bf6 h5 55. Bxh5 Kg3 56. Bxf7 Kxh3 57. Be6+ Kg3 58. Ke3 Kg2 59. Be5 Kf1 60. Bc4+ Ke1 61. Bc3+ Kd1 62. Bb3+ Kc1 63. Bd4 Kb1 64. Kd3 Kc1 65. Kc3 Kb1 66. Bc2+ Kc1 67. Bb3 Kb1 68. Be3 Ka1 69. Bc2 Ka2 70. Bd4 Ka3 71. Bc5+ Ka2 72. Bb4 Ka1 73. Bb3 Kb1 74. Ba3 Ka1 75. Bb2+ Kb1 76. Bc2+ Ka2 77. Bd1 Kb1 78. Ba3 Ka2 79. Bc5 Kb1 80. Kb3 Kc1 81. Bc2 Kd2 82. Bd4 Ke2 83. Bc3 Kf3 84. Kc4 Kf4 85. Bd3 Kg5 86. Bd4 Kg4 87. Kd5 Kg3 88. Be4 Kf4 89. Be5+ Ke3 90. Bf5 Kf3 91. Be4+ Ke3 92. Bd6 Kd2 93. Kd4 Ke2 94. Bf4 Kf2 95. Kd3 Ke1 96. Ke3 Kd1 97. Kf3 Ke1 98. Be3 Kf1 99. Bd2 Kg1 100. Kg3 Kf1 101. Bd3+ Kg1 102. Be3+ Kh1 103. Be4# 1-0


[Site "https://www.chess.com"]

[Event "Titled Tuesday Blitz March 28 Late 2023"]
[White "OKEKE, Isaac Chukwudalu"]
[Black "Khumalo, Keith"]
[WhiteFideId "8508526"]
[BlackFideId "14319470"]
[WhiteElo "2161"]
[BlackElo "2056"]
[Result "0-1"]
[Round "01"]
[TimeControl "180+2"]
[Date "2023.03.28"]
[WhiteClock "0:00:14"]
[BlackClock "0:01:30"]

1. e4 c5 2. Nf3 d6 3. d4 cxd4 4. Nxd4 Nf6 5. Nc3 g6 6. Be2 Bg7 7. g4 Nc6 8. Be3 O-O 9. g5 Nd7 10. h4 Nc5 11. Qd2 Ne6 12. Nb3 a5 13. a4 Nb4 14. h5 Qc7 15. Rc1 Bxc3 16. bxc3 Na2 17. Ra1 Nxc3 18. hxg6 fxg6 19. Bg4 Nxe4 20. Qd3 Qc3+ 21. Qxc3 Nxc3 22. Kd2 Ne4+ 23. Ke2 Nc3+ 24. Kd3 Nd5 25. Bxe6+ Bxe6 26. Bd4 Rac8 27. c3 Rf3+ 28. Kc2 Nxc3 29. Kb2 Ne2 0-1


[Site "https://www.chess.com"]

[Event "Titled Tuesday Blitz March 28 Late 2023"]
[White "Kavutskiy, Konstantin"]
[Black "Wu, Sibo"]
[WhiteFideId "2026384"]
[BlackFideId "8606048"]
[WhiteElo "2369"]
[BlackElo "2264"]
[Result "1-0"]
[Round "01"]
[TimeControl "180+2"]
[Date "2023.03.28"]
[WhiteClock "0:00:11"]
[BlackClock "0:00:02"]

1. d4 d5 2. c4 c6 3. Nf3 Nf6 4. e3 a6 5. Nc3 b5 6. b3 Bg4 7. a4 b4 8. Ne2 Bxf3 9. gxf3 e6 10. Bg2 h5 11. O-O h4 12. h3 Nbd7 13. e4 Nh5 14. Nf4 Be7 15. Nxh5 Rxh5 16. f4 Rh8 17. cxd5 exd5 18. exd5 cxd5 19. Bxd5 Rc8 20. Re1 Kf8 21. Bg2 Nf6 22. d5 Bd6 23. Ra2 Qd7 24. Rae2 Rh5 25. Re5 Rh6 26. Qd4 Kg8 27. Rg5 Bc5 28. Qd2 Rh5 29. Bb2 Rxg5 30. fxg5 Ne8 31. Qd3 Qa7 32. Qf3 Nd6 33. Re2 Bd4 34. Bxd4 Qxd4 35. Kh2 Rc3 36. Qh5 Qf4+ 37. Kg1 Rc1+ 38. Bf1 Ra1 39. g6 fxg6 40. Qxg6 Qc1 41. Qg2 Qf4 42. Re6 Nf5 43. Qg6 Rxf1+ 44. Kxf1 Qc1+ 45. Kg2 1-0


[Site "https://www.chess.com"]

[Event "Titled Tuesday Blitz March 28 Late 2023"]
[White "Prieto Aranguren, Alain"]
[Black "Lewicki, Miroslaw"]
[WhiteFideId "2268906"]
[BlackFideId "1113380"]
[WhiteElo "2209"]
[BlackElo "2212"]
[Result "1-0"]
[Round "01"]
[TimeControl "180+2"]
[Date "2023.03.28"]
[WhiteClock "0:00:22"]
[BlackClock "0:00:11"]

1. d4 b6 2. e4 Bb7 3. Bd3 e6 4. Nf3 Be7 5. O-O d5 6. e5 c5 7. c3 Nc6 8. Re1 Qc7 9. a3 O-O-O 10. b4 c4 11. Bc2 h6 12. a4 g5 13. h3 Rf8 14. Na3 Qd8 15. a5 h5 16. axb6 axb6 17. Nh2 Nh6 18. Nb5 Rfg8 19. Be3 g4 20. hxg4 Nxg4 21. Nf1 h4 22. Na7+ Nxa7 23. Rxa7 h3 24. g3 Kb8 25. Qa1 h2+ 26. Kh1 Bg5 27. f4 Bxf4 28. gxf4 Qh4 29. Qa4 Rd8 30. Ra1 Nf2+ 31. Bxf2 Qxf2 32. Rxb7+ Kxb7 33. Qa7+ Kc8 34. Qa8+ Kd7 35. Ra7+ Ke8 36. Ba4+ Kf8 37. Qxd8+ Kg7 38. Qf6+ Kh7 39. Rxf7+ Kg8 40. Qg7# 1-0


[Site "https://www.chess.com"]

[Event "Titled Tuesday Blitz March 28 Late 2023"]
[White "Freitag, Manfred"]
[Black "Coelho, Ramyres Santana"]
[WhiteFideId "1602004"]
[BlackFideId "2120690"]
[WhiteElo "2275"]
[BlackElo "1888"]
[Result "1/2-1/2"]
[Round "01"]
[TimeControl "180+2"]
[Date "2023.03.28"]
[WhiteClock "0:00:37"]
[BlackClock "0:00:26"]

1. e4 c5 2. Nf3 d6 3. d4 cxd4 4. Nxd4 Nf6 5. Nc3 a6 6. Be2 e6 7. Be3 b5 8. a3 Bb7 9. Bd3 Nbd7 10. O-O Rc8 11. f4 Nc5 12. Qf3 Nxd3 13. cxd3 Be7 14. Qg3 O-O 15. f5 e5 16. Nde2 Kh8 17. Bg5 h6 18. Qh4 Ng8 19. Bxe7 Qxe7 20. Qxe7 Nxe7 21. f6 Ng6 22. fxg7+ Kxg7 23. Rad1 Ne7 24. Ng3 Kg6 25. Nf5 Nxf5 26. Rxf5 f6 27. Rdf1 Rcd8 28. R1f3 d5 29. Rg3+ Kh7 30. h3 dxe4 31. dxe4 Rd2 32. Rf2 Rxf2 33. Kxf2 f5 34. exf5 Rxf5+ 35. Ke3 e4 36. Rg4 h5 37. Rf4 Rxf4 38. Kxf4 e3 39. g3 Bc8 40. h4 e2 41. Nxe2 a5 42. b4 axb4 43. axb4 Be6 44. Nd4 Bc4 45. Ke5 Kg6 46. Nf5 Be2 47. Nd6 Bd3 48. Nc8 Bc4 49. Ne7+ Kh6 50. Nf5+ Kg6 51. Nd6 Be2 52. Ke6 Bg4+ 53. Kd5 Be2 54. Kc5 Kf6 55. Nxb5 Ke5 56. Nd4 Bd3 57. b5 Bxb5 58. Nxb5 Ke4 59. Nd6+ Kf3 60. Nf5 Kg4 61. Ng7 Kxg3 62. Nxh5+ Kxh4 1/2-1/2


[Site "https://www.chess.com"]

[Event "Titled Tuesday Blitz March 28 Late 2023"]
[White "Fajdetic, Hrvoje"]
[Black "Taboas Rodriguez, Daniel"]
[WhiteFideId "14501945"]
[BlackFideId "2208466"]
[WhiteElo "2185"]
[BlackElo "2365"]
[Result "1-0"]
[Round "01"]
[TimeControl "180+2"]
[Date "2023.03.28"]
[WhiteClock "0:00:36"]
[BlackClock "0:00:13"]

1. d4 Nf6 2. Bf4 d5 3. e3 c5 4. Nc3 Bf5 5. Nb5 Na6 6. c3 e6 7. Qa4 Qd7 8. Nd6+ Bxd6 9. Bb5 Bxf4 10. Bxd7+ Nxd7 11. exf4 c4 12. Nf3 Nb8 13. Ne5 f6 14. Nxd7 Nxd7 15. O-O a6 16. Rfe1 b5 17. Qa3 Kf7 18. f3 h5 19. Qd6 Rhd8 20. Qa3 Nb8 21. Re3 Nc6 22. Rae1 Rd7 23. Kf2 Rc7 24. Qd6 Rac8 25. Rxe6 Bxe6 26. Qxe6+ Kf8 27. Qxd5 Ne7 28. Qxh5 Ng8 29. g4 Re7 30. Rxe7 Nxe7 31. h4 Rd8 32. Qc5 Rd5 33. Qc7 Kf7 34. f5 b4 35. Qxc4 bxc3 36. bxc3 Kf8 37. Qxa6 Rd8 38. Ke3 Nd5+ 39. Kd2 Rc8 40. Qd6+ Ne7 41. Kd3 Ra8 42. a3 Rc8 43. c4 Kf7 44. c5 Rc6 45. Qb8 Ra6 46. Qb3+ Kf8 47. d5 Ra5 48. d6 Nc6 49. Qd5 Ra4 50. Qxc6 1-0


[Site "https://www.chess.com"]

[Event "Titled Tuesday Blitz March 28 Late 2023"]
[White "Danielyan, Vahe"]
[Black "Torres Dominguez, David"]
[WhiteFideId "13304828"]
[BlackFideId "2220857"]
[WhiteElo "2423"]
[BlackElo "1999"]
[Result "1-0"]
[Round "01"]
[TimeControl "180+2"]
[Date "2023.03.28"]
[WhiteClock "0:00:54"]
[BlackClock "0:00:04"]

1. c4 e5 2. Nc3 Nc6 3. g3 f5 4. Bg2 Nf6 5. e3 d5 6. cxd5 Nb4 7. d4 e4 8. Nge2 Nd3+ 9. Kf1 Bd6 10. Nf4 Bxf4 11. exf4 O-O 12. Be3 b5 13. Qb3 b4 14. Ne2 Ba6 15. Rd1 Qxd5 16. Kg1 Qxb3 17. axb3 Nxb2 18. Rd2 Nd3 19. h3 Bb5 20. Kh2 a5 21. Nc1 a4 22. bxa4 Rxa4 23. Nxd3 Bxd3 24. Rc1 b3 25. Rxc7 Rb8 26. Rb2 Ra2 27. Bc1 Rxb2 28. Bxb2 Nd5 29. Rc5 Nb6 30. Rxf5 Nc4 31. Bc3 b2 32. Bxb2 Rxb2 33. Kg1 Nb6 34. Re5 Nc4 35. Re6 Kf7 36. d5 Rb6 37. Bxe4 Bxe4 38. Rxe4 Nd6 39. Re6 Ne8 40. Rxb6 1-0


[Site "https://www.chess.com"]

[Event "Titled Tuesday Blitz March 28 Late 2023"]
[White "Da Silva Junior, Sediney Mari"]
[Black "Fiorito, Francisco"]
[WhiteFideId "2132079"]
[BlackFideId "180165"]
[WhiteElo "1977"]
[BlackElo "2341"]
[Result "1-0"]
[Round "01"]
[TimeControl "180+2"]
[Date "2023.03.28"]
[WhiteClock "0:00:35"]
[BlackClock "0:00:02"]

1. e4 c5 2. c3 Nf6 3. e5 Nd5 4. d4 cxd4 5. Nf3 Nc6 6. cxd4 d6 7. Bc4 Nb6 8. Bb5 dxe5 9. Nxe5 Bd7 10. Nxd7 Qxd7 11. O-O e6 12. Nc3 Rd8 13. Be3 Be7 14. Qg4 O-O 15. Rad1 f5 16. Qf3 f4 17. d5 Nxd5 18. Nxd5 exd5 19. Bxa7 Ra8 20. Rxd5 Qc7 21. Bd4 Nxd4 22. Rxd4 Bf6 23. Rxf4 Kh8 24. Bc4 Ra4 25. b3 Rxa2 26. h4 Ra5 27. h5 h6 28. Bd3 Re8 29. Qg4 Rg5 30. Qf3 Rd8 31. Bg6 Qe5 32. Re4 Qd6 33. Rfe1 Re5 34. Rxe5 Bxe5 35. Qxb7 Qd2 36. Qe4 Rd5 37. f4 Bd4+ 38. Kh1 Rd8 39. Qe8+ Rxe8 40. Rxe8# 1-0


[Site "https://www.chess.com"]

[Event "Titled Tuesday Blitz March 28 Late 2023"]
[White "Panesso Rivera, Henry"]
[Black "Estremera Panos, Sergio"]
[WhiteFideId "4402707"]
[BlackFideId "2200864"]
[WhiteElo "2345"]
[BlackElo "2253"]
[Result "1-0"]
[Round "01"]
[TimeControl "180+2"]
[Date "2023.03.28"]
[WhiteClock "0:00:43"]
[BlackClock "0:00:03"]

1. c4 e6 2. Nc3 d5 3. d4 Nf6 4. cxd5 exd5 5. Nf3 c6 6. Ne5 Nbd7 7. e3 Bd6 8. f4 O-O 9. Bd3 Re8 10. O-O Nf8 11. Qc2 Ng6 12. Bd2 Bd7 13. Rae1 Rc8 14. Kh1 c5 15. Qb1 cxd4 16. exd4 Qb6 17. Ne2 Bb5 18. Bf5 Rc7 19. Bc3 Qa6 20. Qc2 Ne4 21. Bxe4 dxe4 22. Qxe4 f6 23. Qd5+ Kh8 24. Nf7+ Rxf7 25. Qxf7 Rf8 26. Qe6 Re8 27. Qf7 Re7 28. Qd5 Bxe2 29. Rf2 Bc4 30. Qf5 Rxe1+ 31. Bxe1 Qb6 32. Bc3 Bb4 33. h4 Bxc3 34. bxc3 Nxh4 35. Qg4 Ng6 36. f5 Ne7 37. Qe4 Qd6 38. Qxb7 h6 39. Qe4 Bd5 40. Qg4 Qa3 41. Qg3 Qc1+ 42. Kh2 Qb1 43. Qf4 Be4 44. Re2 Bxf5 45. Rxe7 Bg6 46. Qg3 Qf5 47. Re3 Qc2 48. a3 Kh7 49. d5 Qd2 50. d6 Bf5 51. Re7 Bc2 52. Qxg7# 1-0


[Site "https://www.chess.com"]

[Event "Titled Tuesday Blitz March 28 Late 2023"]
[White "Rose, Felix"]
[Black "Mihajlov, Sebastian"]
[WhiteFideId "5105722"]
[BlackFideId "1512110"]
[WhiteElo "2039"]
[BlackElo "2464"]
[Result "0-1"]
[Round "01"]
[TimeControl "180+2"]
[Date "2023.03.28"]
[WhiteClock "0:01:08"]
[BlackClock "0:00:52"]

1. d4 g6 2. e4 Bg7 3. Nf3 d6 4. Nc3 a6 5. a4 e6 6. h3 b6 7. Be2 Bb7 8. O-O Nd7 9. Re1 Ne7 10. Bf1 O-O 11. Bg5 h6 12. Bd2 e5 13. dxe5 Nxe5 14. Nxe5 dxe5 15. Qc1 g5 16. Rd1 Qc8 17. Bc4 Kh8 18. h4 gxh4 19. Bxh6 Qg4 20. Rd3 Ng6 21. Bxg7+ Kxg7 22. Qd1 Qg5 23. Rd7 Nf4 24. Qf3 Bc8 25. Rxc7 Bg4 26. Qe3 h3 27. g3 h2+ 28. Kh1 Qh5 29. gxf4 Bf3+ 30. Qxf3 Qxf3+ 31. Kxh2 Rh8+ 0-1


[Site "https://www.chess.com"]

[Event "Titled Tuesday Blitz March 28 Late 2023"]
[White "Sourath Biswas"]
[Black "Schmidt, Harald"]
[WhiteFideId "35091484"]
[BlackFideId "4648358"]
[WhiteElo "2164"]
[BlackElo "2216"]
[Result "1-0"]
[Round "01"]
[TimeControl "180+2"]
[Date "2023.03.28"]
[WhiteClock "0:01:05"]
[BlackClock "0:00:02"]

1. d4 Nf6 2. Bf4 c5 3. e3 Qb6 4. Nc3 e6 5. Na4 Qa5+ 6. c3 cxd4 7. exd4 d6 8. b4 Qc7 9. Rc1 Bd7 10. Nf3 b5 11. Nb2 a5 12. c4 axb4 13. cxb5 Qa5 14. Nc4 Qxa2 15. Nxd6+ Bxd6 16. Bxd6 b3 17. Bc4 Ne4 18. Bg3 Qa5+ 19. Nd2 Bxb5 20. Bxb5+ Qxb5 21. Nxe4 O-O 22. Qe2 b2 23. Rb1 Qa5+ 24. Qd2 Qf5 25. f3 Nc6 26. O-O Qd5 27. Rxb2 Nxd4 28. Rd1 Rfd8 29. Kh1 Nf5 30. Qxd5 exd5 31. Nc5 d4 32. Bf2 Rac8 33. Ne4 d3 34. Rbd2 h5 35. h4 Kh7 36. Rxd3 Rxd3 37. Rxd3 f6 38. Rd5 Ne7 39. Rxh5+ 1-0


[Site "https://www.chess.com"]

[Event "Titled Tuesday Blitz March 28 Late 2023"]
[White "Mendez Machado, Andre"]
[Black "Wadsworth, Matthew J"]
[WhiteFideId "6603793"]
[BlackFideId "415804"]
[WhiteElo "1984"]
[BlackElo "2330"]
[Result "0-1"]
[Round "01"]
[TimeControl "180+2"]
[Date "2023.03.28"]
[WhiteClock "0:00:13"]
[BlackClock "0:01:45"]

1. e4 Nf6 2. e5 Nd5 3. d4 d6 4. c4 Nb6 5. f4 g6 6. Nc3 Bg7 7. Be3 Be6 8. Nf3 O-O 9. d5 Bg4 10. Bd4 c5 11. Be3 dxe5 12. fxe5 Bxe5 13. Bxc5 N8d7 14. Bd4 Bxf3 15. gxf3 Rc8 16. Bxe5 Nxe5 17. b3 e6 18. Qd2 Nxf3+ 0-1


[Site "https://www.chess.com"]

[Event "Titled Tuesday Blitz March 28 Late 2023"]
[White "Poliakova, Varvara"]
[Black "ilya2700"]
[WhiteFideId "13518313"]
[WhiteElo "2075"]
[BlackElo "2216"]
[Result "1-0"]
[Round "01"]
[TimeControl "180+2"]
[Date "2023.03.28"]
[WhiteClock "0:01:07"]
[BlackClock "0:00:07"]

1. e4 c5 2. Nf3 e6 3. d4 cxd4 4. Nxd4 Nf6 5. Nc3 Nc6 6. Ndb5 Bb4 7. a3 Bxc3+ 8. Nxc3 d5 9. exd5 exd5 10. Qe2+ Be6 11. Bg5 O-O 12. O-O-O h6 13. Bxf6 Qxf6 14. Nxd5 Bxd5 15. Rxd5 Rfe8 16. Qd2 Rad8 17. Bc4 Nd4 18. Kb1 Rxd5 19. Bxd5 Re2 20. Qd3 Rxc2 21. Re1 g6 22. Rd1 Qxf2 23. Qxd4 Qe2 24. Bxf7+ Kxf7 25. Qd7+ Kf6 26. Rd6+ Kg5 27. Rd5+ Kf4 28. Qd6+ Kg4 29. Qg3# 1-0


[Site "https://www.chess.com"]

[Event "Titled Tuesday Blitz March 28 Late 2023"]
[White "ritanovikova"]
[Black "Atanasov, Anthony"]
[BlackFideId "2623897"]
[WhiteElo "2214"]
[BlackElo "2206"]
[Result "0-1"]
[Round "01"]
[TimeControl "180+2"]
[Date "2023.03.28"]
[WhiteClock "0:00:04"]
[BlackClock "0:00:04"]

1. e4 e5 2. Nf3 Nf6 3. Nxe5 d6 4. Nf3 Nxe4 5. d3 Nf6 6. d4 g6 7. h3 Bg7 8. Be2 O-O 9. O-O c5 10. d5 h6 11. c4 a6 12. a4 a5 13. Nc3 Re8 14. Re1 Na6 15. Bf1 Rxe1 16. Nxe1 Nb4 17. Nc2 Bd7 18. Bf4 Qe7 19. Nxb4 axb4 20. Nb5 Ne4 21. Rb1 Qf6 22. Qf3 g5 23. Qxe4 Bf5 24. Qe2 gxf4 25. Re1 Qxb2 26. Qe7 Bf8 27. Qxb7 Rxa4 28. Qb8 Ra2 29. Re2 Qa1 30. Rxa2 Qxa2 31. Nxd6 Bg6 32. Ne8 Qa1 33. Qxf4 Bd3 34. Qg3+ Bg7 35. Qxd3 Bd4 36. Nd6 Qb2 37. Qe2 Qxe2 38. Bxe2 b3 39. Bd3 b2 40. Bb1 Kg7 41. Kf1 Kf6 42. Ke2 Ke5 43. f3 Kxd6 44. g4 Ke5 45. h4 Kf4 46. h5 Be5 47. Bc2 f6 48. Bb1 Bc7 49. Bc2 Ke5 50. Bb1 Kd4 51. Bd3 Kc3 52. Bb1 Bd6 53. Ke3 Kxc4 54. Ke4 Kb3 55. Kd3 c4+ 56. Kd2 Bf4+ 57. Kd1 c3 58. Bc2+ Ka2 59. d6 b1=Q+ 60. Bxb1+ Kxb1 61. Ke2 c2 0-1


[Site "https://www.chess.com"]

[Event "Titled Tuesday Blitz March 28 Late 2023"]
[White "Srinath, Rao S.V."]
[Black "Napoli, Nicolo"]
[WhiteFideId "5028876"]
[BlackFideId "813702"]
[WhiteElo "2196"]
[BlackElo "2308"]
[Result "1-0"]
[Round "01"]
[TimeControl "180+2"]
[Date "2023.03.28"]
[WhiteClock "0:00:36"]
[BlackClock "0:00:03"]

1. d4 Nf6 2. Nc3 e6 3. e4 Bb4 4. Bd3 d5 5. e5 Ne4 6. Ne2 c5 7. a3 Nxc3 8. bxc3 Ba5 9. Bb5+ Bd7 10. Bxd7+ Nxd7 11. O-O Rc8 12. Rb1 b6 13. Qd3 O-O 14. Qg3 cxd4 15. Bh6 g6 16. Bxf8 Qxf8 17. cxd4 Nb8 18. Nf4 Qh6 19. c4 Rxc4 20. Rbc1 Bd2 21. Rxc4 dxc4 22. Ne2 Nc6 23. Qf3 Na5 24. d5 exd5 25. Qxd5 c3 26. e6 fxe6 27. Qxe6+ Kg7 28. Nd4 Qf4 29. Qd7+ Kh6 30. g3 Qf6 31. Kg2 Nc4 32. Qd5 Ne5 33. h3 Nf7 34. Nf3 Ng5 35. Nxd2 cxd2 36. Qxd2 Kg7 37. Qd7+ Kh6 38. f4 Ne4 39. g4 Qb2+ 40. Kg1 Qd2 41. g5+ Nxg5 42. Qxd2 1-0


[Site "https://www.chess.com"]

[Event "Titled Tuesday Blitz March 28 Late 2023"]
[White "Araujo, Everson De Moura"]
[Black "Olenik Campa, Rudi"]
[WhiteFideId "22737197"]
[BlackFideId "14633264"]
[WhiteElo "2035"]
[BlackElo "2249"]
[Result "0-1"]
[Round "01"]
[TimeControl "180+2"]
[Date "2023.03.28"]
[WhiteClock "0:00:48"]
[BlackClock "0:02:24"]

1. d4 Nf6 2. Nc3 d5 3. Bf4 e6 4. Nb5 Na6 5. e3 c5 6. c3 Bd7 7. Na3 Nc7 8. Nc2 Ba4 9. Nf3 Bd6 10. Ne5 O-O 11. b3 Be8 12. Bd3 cxd4 13. exd4 Nb5 14. g4 Nxc3 15. Qf3 Nfe4 16. g5 f6 17. gxf6 Qxf6 0-1


[Site "https://www.chess.com"]

[Event "Titled Tuesday Blitz March 28 Late 2023"]
[White "Horobetz, Graham"]
[Black "Dahlgren, James Allen"]
[WhiteFideId "2047322"]
[BlackFideId "22256873"]
[WhiteElo "2591"]
[BlackElo "2206"]
[Result "1-0"]
[Round "01"]
[TimeControl "180+2"]
[Date "2023.03.28"]
[WhiteClock "0:00:07"]
[BlackClock "0:00:36"]

1. e4 e6 2. d4 c5 3. Nf3 c4 4. Bxc4 d5 5. Bd3 dxe4 6. Bxe4 Nf6 7. Bd3 Nc6 8. O-O Bd6 9. Bg5 Bd7 10. Nbd2 h6 11. Bh4 Qc7 12. Nc4 Be7 13. Bg3 Qd8 14. Nd6+ Kf8 15. c4 Nh5 16. Ne5 Bxd6 17. Qxh5 Nxe5 18. Bxe5 Bxe5 19. Qxe5 Bc6 20. Be4 Qd7 21. b4 Bxe4 22. Qxe4 Rd8 23. Rfd1 g6 24. Qe5 Kg8 25. d5 Kh7 26. d6 Rhf8 27. Qf6 Qc6 28. c5 Rd7 29. Rd4 a5 30. a3 b6 31. Rc1 axb4 32. axb4 Ra8 33. h4 b5 34. h5 Rg8 35. Rg4 gxh5 36. Rxg8 Kxg8 37. Qxh6 Qd5 38. Rc3 h4 39. Qxh4 f5 40. Rg3+ Rg7 41. Qd8+ Kh7 42. Rxg7+ Kxg7 43. Qe7+ Kg6 44. Qe8+ Kg7 45. Qh5 Qd1+ 46. Qxd1 1-0


[Site "https://www.chess.com"]

[Event "Titled Tuesday Blitz March 28 Late 2023"]
[White "SalihEke"]
[Black "Sokac, Marko"]
[BlackFideId "14531356"]
[WhiteElo "2200"]
[BlackElo "2355"]
[Result "0-1"]
[Round "01"]
[TimeControl "180+2"]
[Date "2023.03.28"]
[WhiteClock "0:00:01"]
[BlackClock "0:00:11"]

1. d4 Nf6 2. c4 e5 3. dxe5 Ng4 4. Nf3 Bc5 5. e3 Nc6 6. Be2 O-O 7. Nc3 Re8 8. O-O Ncxe5 9. b3 a5 10. Bb2 Ra6 11. Nxe5 Nxe5 12. Ne4 Ba7 13. c5 Rh6 14. Qd4 Qh4 15. f4 Qxh2+ 16. Kf2 Qh4+ 17. Kg1 Qh2+ 18. Kf2 Rg6 19. Ng5 Qh4+ 20. Kg1 Ng4 21. Bxg4 Qxg4 22. Qd5 Rf8 23. Rf2 h6 24. Nf3 d6 25. Bd4 c6 26. Qe4 Re6 27. Qc2 dxc5 28. Ne5 Qh5 29. Bxc5 Bxc5 30. Qxc5 f6 31. Nd3 Qxc5 32. Nxc5 Rxe3 33. a3 b6 0-1


[Site "https://www.chess.com"]

[Event "Titled Tuesday Blitz March 28 Late 2023"]
[White "Lenaerts, Lennert"]
[Black "Stanisz, Patryk"]
[WhiteFideId "211435"]
[BlackFideId "1123106"]
[WhiteElo "2334"]
[BlackElo "2069"]
[Result "1-0"]
[Round "01"]
[TimeControl "180+2"]
[Date "2023.03.28"]
[WhiteClock "0:00:24"]
[BlackClock "0:00:04"]

1. d4 d5 2. c4 c6 3. cxd5 cxd5 4. Bf4 Nc6 5. Nc3 a6 6. e3 Nf6 7. Rc1 e6 8. Bd3 Bd6 9. Bxd6 Qxd6 10. f4 O-O 11. Nf3 Bd7 12. O-O b5 13. Ne5 Rfc8 14. g4 g6 15. Qe1 Nb4 16. Bb1 Be8 17. Qh4 Nd7 18. Rf3 f6 19. Nxd7 Qxd7 20. Qxf6 Rc7 21. f5 exf5 22. gxf5 Rc6 23. Qg5 Rd6 24. h4 Kh8 25. Rg3 Qd8 26. fxg6 Qxg5 27. Rxg5 Bxg6 28. Bxg6 Rxg6 29. Rxg6 hxg6 30. a3 Nd3 31. Rc2 Ne1 32. Re2 Nf3+ 33. Kf2 Nxh4 34. Nxd5 Rf8+ 35. Kg3 g5 36. Kg4 Nf3 37. Ne7 Re8 38. Nf5 Nh4 39. Nxh4 gxh4 40. Kxh4 Kg7 41. Kg4 Kf6 42. Kf4 Rh8 43. e4 Rh4+ 44. Ke3 Rh3+ 45. Kd2 Ke6 46. Rg2 a5 47. Rg6+ Kf7 48. Rb6 Rb3 49. d5 a4 50. e5 Ke7 51. Rb7+ Kd8 52. e6 Rxb2+ 53. Kd3 Rb3+ 54. Kd4 Rb1 55. Ke5 Re1+ 56. Kd6 Kc8 57. Rc7+ Kb8 58. Rh7 b4 59. axb4 a3 60. Rh2 Kb7 61. Ra2 Re3 62. e7 Kc8 63. Rxa3 Re4 64. Ra8+ Kb7 65. e8=Q Rxe8 66. Rxe8 Kb6 67. Rb8+ 1-0


[Site "https://www.chess.com"]

[Event "Titled Tuesday Blitz March 28 Late 2023"]
[White "lluiss"]
[Black "Drori, Saar"]
[BlackFideId "2812444"]
[WhiteElo "2193"]
[BlackElo "2322"]
[Result "0-1"]
[Round "01"]
[TimeControl "180+2"]
[Date "2023.03.28"]
[WhiteClock "0:00:01"]
[BlackClock "0:00:04"]

1. Nf3 c5 2. c4 g6 3. d4 cxd4 4. Nxd4 Bg7 5. e4 Nc6 6. Be3 Nf6 7. Nc3 O-O 8. Be2 d6 9. O-O Bd7 10. f3 Rc8 11. Qd2 Qa5 12. Rab1 Ne8 13. Rfd1 Nc7 14. Nxc6 bxc6 15. Nd5 Qxd2 16. Nxe7+ Kh8 17. Rxd2 Rce8 18. Nxc6 Bxc6 19. Rxd6 Re6 20. Rxe6 Nxe6 21. b3 f5 22. exf5 gxf5 23. Rd1 f4 24. Bf2 Be5 25. Rd2 a5 26. Bd1 Re8 27. Bc2 Kg7 28. Kf1 h6 29. Bb6 Kf6 30. Re2 Rb8 31. Bf2 a4 32. Rd2 a3 33. Ke2 Rg8 34. Kf1 Rb8 35. Bg1 Bb2 36. Bb1 Ke5 37. Re2+ Kd6 38. Bf5 Nc5 39. Rd2+ Ke5 40. Bb1 Ne6 41. Re2+ Kf6 42. Rd2 Be5 43. Bf2 h5 44. h3 Rg8 45. Bg1 Ng7 46. Bf2 Nf5 0-1


[Site "https://www.chess.com"]